 Dungeon Crawl Stone Soup version 0.31.0-11-ge490571c62 (webtiles) character file.

Game seed: 16234392894339964565

63 Flugkiller the Chiller (level 4, 0/21 HPs)
             Began as a Vine Stalker Ice Elementalist on Feb 2, 2024.
             Slain by Pikel
             ... wielding a +2 whip of flaming
              (2 damage)
             ... on level 4 of the Dungeon.
             The game lasted 00:02:11 (424 turns).

Flugkiller the Chiller (VSIE)                        Turns: 424, Time: 00:02:12

Health: 0/21       AC:  8    Str: 11    XL:     4   Next: 9%
Magic:  0/10       EV: 12    Int: 17    God:
Gold:   65         SH:  0    Dex: 14    Spells: 2/9 levels left

rFire   . . .        c - +0 dagger
rCold   . . .        (no shield)
rNeg    . . .        a - +0 robe
rPois   .            (no helmet)
rElec   .            (no cloak)
rCorr   .            (no gloves)
SInv    .            (no boots)
Will    .....        (no amulet)
Stlth   ++           (no ring)
HPRegen 1.03/turn    (no ring)
MPRegen 0.12/turn

%: guardian spirit
@: ice-armoured, freezing walls, hasted, very quick
A: fangs 2, regeneration 1, magic shield, antimagic bite, no potion heal 2
a: no special abilities


You were on level 4 of the Dungeon.
You visited 1 branch of the dungeon, and saw 5 of its levels.

You collected 65 gold pieces.

Inventory:

Hand Weapons
 c - a +0 dagger (weapon)
   (You took it off a goblin on level 1 of the Dungeon)
Armour
 a - a +0 robe (worn)
Scrolls
 i - a scroll of fog {unknown}
 z - a scroll of blinking


   Skills:
 - Level 1.5 Dodging
 - Level 2.4 Stealth
 + Level 3.4 Spellcasting
 + Level 4.8 Ice Magic


You had 2 spell levels left.
You knew the following spells:

 Your Spells              Type           Power      Damage    Failure   Level
a - Freeze                Ice            76%        1d8       2%          1
b - Frozen Ramparts       Ice            38%        1d6       7%          3
c - Ozocubu's Armour      Ice            19%        N/A       7%          3

Your spell library contained the following spells:

 Spells                   Type           Power      Damage    Failure   Level
 Necrotise                Necr           8%         1d4       17%         1
 Summon Ice Beast         Ice/Summ       11%        N/A       19%         3
 Vampiric Draining        Necr           2%         2d6       45%         3
 Martyr's Knell           Necr/Summ      2%         N/A       86%         4
 Curse of Agony           Necr           2%         N/A       99%         5


Dungeon Overview and Level Annotations

Branches:
Dungeon (5/15) Zot: 26893
 Temple: D:4-7

Altars:

Shops:
D:4 ?

Annotations:
D:4 Pikel


Innate Abilities, Weirdness & Mutations

You have extremely sharp teeth.
Your natural rate of healing is unusually fast.
When hurt, damage is shared between your health and your magic reserves.
Your bite disrupts and absorbs the magic of your enemies.
Potions cannot restore your health.


Message History

You hit the lemure but do no damage.
The lemure is heavily wounded.
The wall freezes the lemure.
The lemure barely misses you.
Unknown command.
You hit the lemure but do no damage. Your bite misses the lemure.
The lemure is severely wounded.
The wall freezes the lemure.
The lemure hits you.
You barely miss the lemure.
The lemure is almost dead.
The wall freezes the lemure.
The lemure barely misses you.
The wall freezes the lemure but does no damage.
Magic courses through your body.
The wall freezes the lemure.
You kill the lemure!
That felt strangely unrewarding.
Pikel cracks his whip.
The wall freezes the lemure.
Casting: Frozen Ramparts (quite dangerous; 7% risk of failure)
Confirm with . or Enter, or press ? or * to list all spells.
A film of ice covers your body!
The wall freezes Pikel.
The wall freezes the lemure.
The lemure hits you but does no damage.
Unknown command.
It was a potion of curing.
That felt strangely inert.
The wall freezes Pikel but does no damage.
Casting: Ozocubu's Armour (quite dangerous; 7% risk of failure)
Confirm with . or Enter, or press ? or * to list all spells.
Aiming: Freeze (safe; 2% risk of failure)
Press: ? - help, Shift-Dir - straight line, f - Pikel
Aim: Pikel, wielding a +2 whip of flaming and wearing a +0 robe (lightly wounded)
You freeze Pikel.
Pikel is lightly wounded.
The wall freezes the lemure.
Casting: Freeze (safe; 2% risk of failure)
Confirm with . or Enter, or press ? or * to list all spells.
Aiming: Freeze (safe; 2% risk of failure)
Press: ? - help, Shift-Dir - straight line, f/p - Pikel
Aim: Pikel, wielding a +2 whip of flaming and wearing a +0 robe (lightly wounded)
You freeze Pikel!
Pikel is moderately wounded.
A lemure comes into view.
The wall freezes Pikel but does no damage.
Pikel hits you but does no damage.
The wall freezes the lemure.
Casting: Freeze (safe; 2% risk of failure)
Confirm with . or Enter, or press ? or * to list all spells.
Aiming: Freeze (safe; 2% risk of failure)
Press: ? - help, Shift-Dir - straight line, f/p - Pikel
Aim: Pikel, wielding a +2 whip of flaming and wearing a +0 robe (moderately wounded)
You freeze Pikel.
Pikel is heavily wounded.
The lemure shouts!
The frozen ramparts melt away.
You hear a shout!
A lemure comes into view.
Pikel barely misses you.
Press: ? - help, v - describe, . - travel
Here: Pikel, wielding a +2 whip of flaming and wearing a +0 robe (heavily wounded)
The floor.
Unknown command.
Casting: Freeze (safe; 2% risk of failure)
Confirm with . or Enter, or press ? or * to list all spells.
The walls around you are covered in ice.
The wall freezes Pikel.
Pikel hits you with a +2 whip of flaming.
Pikel burns you.
The wall freezes the lemure but does no damage.
The heat melts your icy armour.
Unknown command.
It was a potion of haste.
You feel yourself speed up.
The wall freezes Pikel.
Pikel closely misses you.
The wall freezes the lemure but does no damage.
Unknown command.
Unknown command.
You barely miss Pikel.
Pikel is severely wounded.
You hit Pikel but do no damage. You bite Pikel, but do no damage.
Pikel is severely wounded.
The wall freezes Pikel but does no damage.
Pikel hits you with a +2 whip of flaming!
Pikel burns you.
* * * LOW HITPOINT WARNING * * *
The wall freezes the lemure.
The heat melts your icy armour.
Unknown command.
You hit Pikel but do no damage. Your bite misses Pikel.
Pikel is severely wounded.
You hit Pikel. You bite Pikel, but do no damage.
Pikel is severely wounded.
The wall freezes Pikel but does no damage.
Pikel hits you with a +2 whip of flaming.
* * * LOW HITPOINT WARNING * * *
Pikel burns you.
* * * LOW HITPOINT WARNING * * *
The wall freezes the lemure. x2
The heat melts your icy armour.
Unknown command.
You closely miss Pikel. You bite Pikel, but do no damage.
Pikel is severely wounded.
The wall freezes the lemure.
The wall freezes Pikel.
Pikel hits you with a +2 whip of flaming.
You die...
Pikel says, "Another soul for the market."

*,,*,*******,*,,.....*
#..*,*,,..,*.#,,,....#
#g.#,*,*##,*.#.,**#...
#..#,*,#∩#,#,#.#* *#..
#..#,*,..#.#,#.## #..
#..#,**###.#,#..# *#.
#..#,,,....*,#..# ##
#..#########.#..######
#....@K555..$#........
#..###########........
#.....................
#..........#..........
##.........#..........
##.............####..
#.............# #..
##.......###.##**#..
*#.......<.##.#**,.!.


You could see Pikel and 3 lemures.

Vanquished Creatures
  A lemure (D:4)
  A sleepcap (D:4)
  2 adders
  3 endoplasms
  2 goblins
  6 hobgoblins
  A frilled lizard (D:2)
  A kobold (D:1)
17 creatures vanquished.

Notes
Turn   | Place    | Note
-------+----------+-------------------------------------------
     0 | D:1      | Flugkiller the Vine Stalker Ice Elementalist began the
                  | quest for the Orb.
     0 | D:1      | Reached XP level 1. HP: 9/9 MP: 4/4
    34 | D:2      | Reached XP level 2. HP: 8/13 MP: 0/6
   237 | D:4      | Reached XP level 3. HP: 16/16 MP: 5/8
   256 | D:3      | Learned a level 3 spell: Frozen Ramparts
   260 | D:3      | Learned a level 3 spell: Ozocubu's Armour
   297 | D:4      | Reached XP level 4. HP: 11/21 MP: 1/10
   317 | D:5      | Entered Level 5 of the Dungeon
   373 | D:4      | Noticed a lemure
   381 | D:4      | Found Meahu's Magic Scroll Shoppe.
   400 | D:4      | Noticed a lemure
   402 | D:4      | Noticed Pikel
   412 | D:4      | Killed a lemure
   416 | D:4      | Noticed a lemure
   417 | D:4      | Noticed a lemure
   423 | D:4      | HP: 1/21 [Pikel/+2 whip of flaming (1)]
   424 | D:4      | Slain by Pikel

Illustrated notes

Levels and vault maps discovered:
D:1:      psy_arrival_statuary, layout_basic
D:2:      layout_rooms, serial_shops, shop, uniq_crazy_yiuf_cottage,
          uniq_natasha
D:3:      layout_loops_corners, nicolae_ru_path_of_blood,
          hellmonk_ecumenical_altar_zigzags, uniq_robin, uniq_ijyb
D:4:      layout_rooms, serial_shops, nicolae_inconvenience_store, uniq_pikel
D:5:      layout_gridville, uniq_sigmund

Skill      XL: |  1  2  3 |
---------------+----------+-----
Spellcasting   | 3 |  3.4
Dodging        | |  1.5
Stealth        | |  2.4
Ice Magic      | |  4.8

Action                     |  1- 3 |  4- 6 || total
---------------------------+-------+-------++-------
  Melee: Dagger            |    30 |    18 ||    48
         Bite              |     9 |     4 ||    13
         Unarmed           |     1 |       ||     1
   Cast: Freeze            |    17 |     3 ||    20
         Frozen Ramparts   |     1 |     3 ||     4
         Ozocubu's Armour  |       |     1 ||     1
    Use: Scroll            |       |     3 ||     3
         Potion            |       |     3 ||     3
 Armour: Robe              |    23 |    13 ||    36
  Dodge: Dodged            |    23 |     9 ||    32
